 Dungeon Crawl Stone Soup version 0.20-a0-513-g02c11fc (webtiles) character file.

40 nubinia the Firebug (level 3, -4/19 HPs)
             Began as a Gargoyle Fire Elementalist on Jan 22, 2017.
             Killed from afar by Sigmund (6 damage)
             ... with a magic dart
             ... on level 2 of the Dungeon.
             The game lasted 00:04:02 (1160 turns).

nubinia the Firebug (Gargoyle Fire Elementalist)    Turns: 1160, Time: 00:04:03

Health: -4/19      AC:  5    Str: 11    XL:     3   Next: 50%
Magic:  2/6        EV: 12    Int: 16    God:
Gold:   88         SH:  0    Dex: 10    Spells: 3/6 levels left

rFire    . . .     SeeInvis .   d - +0 whip
rCold    . . .     Gourm    .   a - +0 robe
rNeg     + . .     Faith    .   (no shield)
rPois    ∞         Spirit   .   (no helmet)
rElec    +         Reflect  .   (no cloak)
rCorr    .         Harm     .   (no gloves)
MR       .....                  (no boots)
Stlth    ++........             (no amulet)
Regen    0.1/turn               (no ring)
                                (no ring)

@: very slightly contaminated
A: negative energy resistance 1, electricity resistance, unbreathing,
petrification resistance, rot immunity, AC +3
a: no special abilities


You were on level 2 of the Dungeon.
You were not hungry.

You visited 1 branch of the dungeon, and saw 2 of its levels.

You collected 88 gold pieces.

Inventory:

Hand Weapons
 d - a +0 whip (weapon)
Armour
 a - a +0 robe (worn)
Scrolls
 e - 3 scrolls of identify {unknown}
 f - a scroll of remove curse {unknown}
Books
 b - a book of Flames

   Spells                             Type                      Level
   a - Flame Tongue                   Conjuration/Fire             1
   b - Throw Flame                    Conjuration/Fire             2
   c - Conjure Flame                  Conjuration/Fire             3
   d - Inner Flame                    Hexes/Fire                   3
   e - Sticky Flame                   Conjuration/Fire             4
   f - Fireball                       Conjuration/Fire             5
Comestibles
 c - a bread ration
 g - 2 chunks of flesh


   Skills:
 + Level 0.4 Maces & Flails
 + Level 1.7 Dodging
 + Level 2.7 Stealth
 + Level 2.2 Spellcasting
 + Level 1.3 Conjurations
 + Level 3.7 Fire Magic


You had 3 spell levels left.
You knew the following spells:

 Your Spells              Type           Power        Failure   Level  Hunger
a - Flame Tongue          Conj/Fire      #....        10%         1    #......
b - Throw Flame           Conj/Fire      #.....       12%         2    ###....


Dungeon Overview and Level Annotations

Branches:
Dungeon (2/15)

Altars:

Annotations:
D:2 Sigmund


Innate Abilities, Weirdness & Mutations

You are resistant to torment.
Your stone body is resilient. (AC +3)
You are immune to poison.
You resist negative energy. (rN+)
You are resistant to electric shocks. (rElec)
You can survive without breathing.
You are immune to petrification.
You are immune to rotting.


Message History

The bat hits you but does no damage.
Found 3 gold pieces.
The bat hits you but does no damage. The bat hits you.
The bat hits you but does no damage. The bat barely misses you.
The bat misses you.
Sigmund the Dreaded comes into view.
He is wielding a scythe.
Sigmund shouts!
The bat hits you but does no damage. Sigmund gestures at you while chanting.
The puff of flame misses you.
The puff of flame hits the bat.
The bat dies!
Items here: $ ) ? [[ † Sigmund hits you from afar with a scythe.
* * * LOW HITPOINT WARNING * * *
There is a stone staircase leading up here.
Sigmund points at you and mumbles some strange words.
The magic dart hits you!
You die...

#.#.#
#.#.#...
#.#.#..#
#.#.#..#
#.#.#..###
#.#.#....
#.#.#..@
#.#.##)#
#.#.##@#
#.#)##h#
#.#(h†(#
#g#..###
#.#.g# #
#h#..###.#
#h#......#. #
##.#g........
#
#............
.#..##


You could see Sigmund, a jackal and a goblin.

Vanquished Creatures
  Robin (D:2)
  An ooze (D:1)
  A dart slug (D:1)
  2 giant cockroaches (D:1)
  5 goblins
  6 hobgoblins
  2 bats
  2 frilled lizards (D:1)
  2 kobolds (D:1)
  A rat (D:1)
23 creatures vanquished.

Vanquished Creatures (others)
  A bat (D:2)
1 creature vanquished.

Grand Total: 24 creatures vanquished

Notes
Turn   | Place    | Note
-------+----------+-------------------------------------------
     0 | D:1      | nubinia the Gargoyle Fire Elementalist began the quest for the Orb.
     0 | D:1      | Reached XP level 1. HP: 10/10 MP: 3/3
    90 | D:1      | Reached XP level 2. HP: 15/15 MP: 1/5
   130 | D:1      | Learned a level 2 spell: Throw Flame
  1010 | D:2      | Noticed Robin
  1014 | D:1      | Reached XP level 3. HP: 18/19 MP: 3/6
  1091 | D:2      | Killed Robin
  1157 | D:2      | Noticed Sigmund
  1160 | D:2      | Killed from afar by Sigmund

Vault maps used:
D:1:      dpeg_arrival_three_same_balls
D:2:      first_bread, uniq_sigmund, uniq_robin

Action                   || total
-------------------------++-------
Melee: Whip              ||    35
 Cast: Flame Tongue      ||    31
  Eat: Chunk             ||     1
Armor: Robe              ||    56
Dodge: Dodged            ||    82
